HBL
ASHEVILLE MOONSHINERS @ COLUMBUS CLIPPERS
04/04/1997
 
TOP OF THE 1ST
Asheville Moonshiners batting - Pitching for Columbus Clippers : RHP Jamey Wright
Pitching: RHP Jamey Wright
Batting: RHB Jermaine Allensworth 0-0: Swinging Strike
0-1: Ball
1-1: SINGLE (Groundball, 6MD, EV 95.6 MPH)
Batting: SHB Wilton Guerrero 0-0: Called Strike
0-1: Foul Ball, location: 2F
0-2: Ball
Jermaine Allensworth is caught stealing 2nd base 2-6
1-2: SINGLE (Groundball, 6D, EV 100.6 MPH)
Batting: LHB Randall Simon 0-0: Called Strike
0-1: Fly out, F5 (Popup, 15, EV 87.5 MPH)
Batting: RHB Yamil Benitez 0-0: Swinging Strike
0-1: Ball
1-1: Called Strike
1-2: Strikes out swinging
Top of the 1st over - 0 runs, 2 hits, 0 errors, 1 left on base; Asheville 0 - Columbus 0
BOTTOM OF THE 1ST
Columbus Clippers batting - Pitching for Asheville Moonshiners : RHP Chan Ho Park
Pitching: RHP Chan Ho Park
Batting: LHB Ed Giovanola 0-0: Ground out 4-3 (Groundball, 4, EV 82.5 MPH)
Batting: RHB Carlos Garcia 0-0: Swinging Strike
0-1: Ball
1-1: Foul Ball, location: 2F
1-2: Strikes out swinging, 2-3 out at first.
Batting: RHB Bubba Trammell 0-0: Called Strike
0-1: Ball
1-1: Ball
2-1: Foul Ball, location: 2F
2-2: Foul Ball, location: 2F
2-2: Fly out, F7 (Flyball, 78M, EV 84.4 MPH)
Bottom of the 1st over - 0 runs, 0 hits, 0 errors, 0 left on base; Asheville 0 - Columbus 0
TOP OF THE 2ND
Asheville Moonshiners batting - Pitching for Columbus Clippers : RHP Jamey Wright
Batting: RHB Aaron Boone 0-0: Called Strike
0-1: Ball
1-1: Fly out, F5 (Line Drive, 5, EV 65.6 MPH)
Batting: LHB Darren Bragg 0-0: Ball
1-0: Ground out 4-3 (Groundball, 4, EV 80.0 MPH)
Batting: RHB Kevin L Brown 0-0: Swinging Strike
0-1: Ball
1-1: Ground out U3 (Groundball, 3S, EV 76.9 MPH)
Top of the 2nd over - 0 runs, 0 hits, 0 errors, 0 left on base; Asheville 0 - Columbus 0
BOTTOM OF THE 2ND
Columbus Clippers batting - Pitching for Asheville Moonshiners : RHP Chan Ho Park
Batting: RHB Derrek Lee 0-0: Ball
1-0: Foul Ball, location: 2F
1-1: Ball
2-1: Foul Ball, location: 2F
2-2: Ball
3-2: Foul Ball, location: 2F
3-2: Base on Balls
Batting: RHB Wendell Magee 0-0: Ball
1-0: SINGLE (Groundball, 56D, EV 99.4 MPH)
Derrek Lee to second
Batting: LHB Alex Hernandez 0-0: Called Strike
0-1: Foul Ball, location: 2F
0-2: Ball
1-2: Ball
2-2: Fly out, F8 (Line Drive, 8RD, EV 85.6 MPH)
Runner from 2nd tags up, SAFE at 3rd with throw by CF
Batting: RHB Kevin Orie 0-0: Called Strike
0-1: Swinging Strike
0-2: Foul Ball, location: 2F
0-2: Grounds into double play, 5-4-3 (Groundball, 56, EV 96.9 MPH)
Bottom of the 2nd over - 0 runs, 1 hit, 0 errors, 1 left on base; Asheville 0 - Columbus 0
TOP OF THE 3RD
Asheville Moonshiners batting - Pitching for Columbus Clippers : RHP Jamey Wright
Batting: RHB Rikkert Faneyte 0-0: DOUBLE (Line Drive, 9LM, EV 105.6 MPH)
Batting: RHB Deivi Cruz 0-0: Called Strike
0-1: Ball
1-1: Swinging Strike
1-2: Ball
Wild Pitch!
Rikkert Faneyte to third
2-2: Foul Ball, location: 2F
2-2: Ball
3-2: Base on Balls
Batting: RHB Jermaine Allensworth 0-0: Swinging Strike
0-1: Swinging Strike
0-2: Ball
1-2: Foul Ball, location: 2F
1-2: Foul Ball, location: 2F
1-2: Foul Ball, location: 2F
1-2: Grounds into double play, 5-4-3 (Groundball, 56, EV 109.4 MPH)
Rikkert Faneyte scores
Batting: SHB Wilton Guerrero 0-0: Ball
1-0: SINGLE (Line Drive, 89S, EV 101.9 MPH)
Batting: LHB Randall Simon 0-0: Called Strike
0-1: Fly out, F7 (Flyball, 7LD, EV 95.6 MPH)
Top of the 3rd over - 1 run, 2 hits, 0 errors, 1 left on base; Asheville 1 - Columbus 0
BOTTOM OF THE 3RD
Columbus Clippers batting - Pitching for Asheville Moonshiners : RHP Chan Ho Park
Batting: LHB Kenjiro Nomura 0-0: Ball
1-0: Called Strike
1-1: Ball
2-1: SINGLE (Line Drive, 34, EV 110.0 MPH)
Batting: RHB Raul Chavez 0-0: Ball
1-0: Ball
2-0: Called Strike
2-1: Fielders Choice at 2nd, 5-4 (Groundball, 56S, EV 81.3 MPH)
Batting: LHB Ed Giovanola 0-0: Ball
Wild Pitch!
Raul Chavez to second
1-0: Ball
2-0: Ball
3-0: Base on Balls
Batting: RHB Carlos Garcia 0-0: Swinging Strike
0-1: Ball
1-1: Ball
2-1: Foul Ball, location: 2F
2-2: Fielders Choice at 2nd, 6-4 (Groundball, 6, EV 86.9 MPH)
Raul Chavez to third
Batting: RHB Bubba Trammell 0-0: Ball
1-0: Fielders Choice at 2nd, 6-4 (Groundball, 6D, EV 90.6 MPH)
Bottom of the 3rd over - 0 runs, 1 hit, 0 errors, 2 left on base; Asheville 1 - Columbus 0
TOP OF THE 4TH
Asheville Moonshiners batting - Pitching for Columbus Clippers : RHP Jamey Wright
Batting: RHB Yamil Benitez 0-0: Fly out, F9 (Flyball, 89M, EV 95.0 MPH)
Batting: RHB Aaron Boone 0-0: Ball
1-0: Foul Ball, location: 2F
1-1: Swinging Strike
1-2: Strikes out looking
Batting: LHB Darren Bragg 0-0: Ball
1-0: Called Strike
1-1: Called Strike
1-2: Ground out U3 (Groundball, 34, EV 106.3 MPH)
Top of the 4th over - 0 runs, 0 hits, 0 errors, 0 left on base; Asheville 1 - Columbus 0
BOTTOM OF THE 4TH
Columbus Clippers batting - Pitching for Asheville Moonshiners : RHP Chan Ho Park
Batting: RHB Derrek Lee 0-0: Called Strike
0-1: Ball
1-1: Foul Ball, location: 2F
1-2: Foul Ball, location: 2F
1-2: Ball
2-2: Foul Ball, location: 2F
2-2: Foul Ball, location: 2F
2-2: Foul Ball, location: 2F
2-2: Foul Ball, location: 2F
2-2: Ball
3-2: Foul Ball, location: 2F
3-2: SINGLE (Flyball, 89M, EV 89.4 MPH)
Batting: RHB Wendell Magee 0-0: Called Strike
0-1: Ball
1-1: Foul Ball, location: 2F
1-2: Foul Ball, location: 2F
1-2: Ball
2-2: Ball
3-2: Strikes out swinging
Derrek Lee steals 2nd base
Batter strikes out.
Batting: LHB Alex Hernandez 0-0: Called Strike
0-1: Fly out, F3 (Line Drive, 3, EV 68.1 MPH)
Batting: RHB Kevin Orie 0-0: Ball
1-0: Ball
2-0: Called Strike
2-1: Ball
3-1: Foul Ball, location: 2F
3-2: Base on Balls
Batting: LHB Kenjiro Nomura 0-0: Fly out, F8 (Flyball, 8LD, EV 104.4 MPH)
Bottom of the 4th over - 0 runs, 1 hit, 0 errors, 2 left on base; Asheville 1 - Columbus 0
TOP OF THE 5TH
Asheville Moonshiners batting - Pitching for Columbus Clippers : RHP Jamey Wright
Batting: RHB Kevin L Brown 0-0: Swinging Strike
0-1: Called Strike
0-2: Ball
1-2: Ground out 5-3 (Groundball, 5, EV 107.5 MPH)
Batting: RHB Rikkert Faneyte 0-0: Ball
1-0: Ball
2-0: Ball
3-0: Called Strike
3-1: Foul Ball, location: 2F
3-2: Foul Ball, location: 2F
3-2: Foul Ball, location: 2F
3-2: Base on Balls
Batting: RHB Deivi Cruz 0-0: Swinging Strike
0-1: Fly out, F8 (Flyball, 8RD, EV 80.6 MPH)
Batting: RHB Jermaine Allensworth 0-0: Ball
1-0: Swinging Strike
1-1: DOUBLE (Line Drive, 78D, EV 108.1 MPH)
Rikkert Faneyte to third
Runner from 3rd tries for Home, SAFE, no throw by LF
Batting: SHB Wilton Guerrero 0-0: Single, Error in OF, E8, batter to second base (Line Drive, 78M, EV 103.1 MPH)
Jermaine Allensworth scores
Batting: LHB Randall Simon 0-0: Called Strike
0-1: Ball
1-1: Ball
2-1: Foul Ball, location: 2F
2-2: Ground out 6-3 (Groundball, 6M, EV 102.5 MPH)
Top of the 5th over - 2 runs, 2 hits, 1 error, 1 left on base; Asheville 3 - Columbus 0
BOTTOM OF THE 5TH
Columbus Clippers batting - Pitching for Asheville Moonshiners : RHP Chan Ho Park
Batting: RHB Raul Chavez 0-0: SINGLE (Groundball, 34D, EV 96.9 MPH)
Batting: LHB Ed Giovanola 0-0: Ball
1-0: Ball
2-0: Ball
3-0: Base on Balls
Raul Chavez to second
Batting: RHB Carlos Garcia 0-0: Called Strike
0-1: Foul Ball, location: 2F
0-2: SINGLE (Line Drive, 34, EV 103.1 MPH)
Raul Chavez to third
Ed Giovanola to second
Batting: RHB Bubba Trammell 0-0: Called Strike
0-1: Foul Ball, location: 2F
0-2: Ball
1-2: Strikes out swinging
Batting: RHB Derrek Lee 0-0: Called Strike
0-1: Swinging Strike
0-2: Strikes out swinging
Batting: RHB Wendell Magee 0-0: Called Strike
0-1: Ball
1-1: Fly out, F9 (Flyball, 89D, EV 99.4 MPH)
Bottom of the 5th over - 0 runs, 2 hits, 0 errors, 3 left on base; Asheville 3 - Columbus 0
TOP OF THE 6TH
Asheville Moonshiners batting - Pitching for Columbus Clippers : RHP Jamey Wright
Batting: RHB Yamil Benitez 0-0: Ball
1-0: Fly out, F9 (Line Drive, 9, EV 101.9 MPH)
Batting: RHB Aaron Boone 0-0: Swinging Strike
0-1: Foul Ball, location: 2F
0-2: Strikes out looking
Batting: LHB Darren Bragg 0-0: Ball
1-0: SINGLE (Groundball, 34D, EV 104.4 MPH)
Batting: RHB Kevin L Brown 0-0: Called Strike
0-1: Ball
1-1: Ball
Darren Bragg steals 2nd base
2-1: Swinging Strike
2-2: Ball
3-2: Ground out 6-3 (Groundball, 6, EV 86.9 MPH)
Top of the 6th over - 0 runs, 1 hit, 0 errors, 1 left on base; Asheville 3 - Columbus 0
BOTTOM OF THE 6TH
Columbus Clippers batting - Pitching for Asheville Moonshiners : RHP Chan Ho Park
Batting: LHB Alex Hernandez 0-0: Ball
1-0: Swinging Strike
1-1: Swinging Strike
1-2: Strikes out swinging
Batting: RHB Kevin Orie 0-0: Ball
1-0: Foul Ball, location: 2F
1-1: Fly out, F8 (Flyball, 8LM, EV 94.4 MPH)
Batting: LHB Kenjiro Nomura 0-0: Ball
1-0: DOUBLE (Line Drive, 78M, EV 92.5 MPH)
Batting: RHB Raul Chavez 0-0: Swinging Strike
0-1: Foul Ball, location: 2F
0-2: Ball
Wild Pitch!
Kenjiro Nomura to third
1-2: Strikes out looking
Bottom of the 6th over - 0 runs, 1 hit, 0 errors, 1 left on base; Asheville 3 - Columbus 0
TOP OF THE 7TH
Asheville Moonshiners batting - Pitching for Columbus Clippers : RHP Jamey Wright
Batting: RHB Rikkert Faneyte 0-0: Ball
1-0: Foul Ball, location: 2F
1-1: Ground out 1-3 (Groundball, 13, EV 83.8 MPH)
Batting: RHB Deivi Cruz 0-0: Called Strike
0-1: Foul Ball, location: 2F
0-2: Ball
1-2: Foul Ball, location: 2F
1-2: Fly out, F3 (Popup, 3L, EV 61.9 MPH)
Batting: RHB Jermaine Allensworth 0-0: Foul Ball, location: 2F
0-1: Called Strike
0-2: Ball
1-2: Ball
2-2: Foul Ball, location: 2F
2-2: Ground out 6-3 (Groundball, 6, EV 82.5 MPH)
Top of the 7th over - 0 runs, 0 hits, 0 errors, 0 left on base; Asheville 3 - Columbus 0
BOTTOM OF THE 7TH
Columbus Clippers batting - Pitching for Asheville Moonshiners : RHP Chan Ho Park
Batting: LHB Ed Giovanola 0-0: Ball
1-0: Ball
2-0: Ball
3-0: Called Strike
3-1: Base on Balls
Batting: RHB Carlos Garcia 0-0: SINGLE (Groundball, 34D, EV 105.6 MPH)
Ed Giovanola to second
Runner from 2nd tries for 3rd, SAFE, no throw by RF
Batting: RHB Bubba Trammell 0-0: Swinging Strike
0-1: Foul Ball, location: 2F
0-2: Strikes out swinging
Pitching: RHP Salomon Torres
Batting: RHB Derrek Lee 0-0: Called Strike
0-1: Foul Ball, location: 2F
0-2: Fly out, F8 (Flyball, 8RS, EV 84.4 MPH)
Batting: RHB Wendell Magee 0-0: Called Strike
0-1: Fly out, F9 (Flyball, 9LM, EV 102.5 MPH)
Bottom of the 7th over - 0 runs, 1 hit, 0 errors, 2 left on base; Asheville 3 - Columbus 0
TOP OF THE 8TH
Asheville Moonshiners batting - Pitching for Columbus Clippers : RHP Jamey Wright
Batting: SHB Wilton Guerrero 0-0: Ground out 1-3 (Groundball, 34S, EV 90.6 MPH)
Batting: LHB Randall Simon 0-0: Ball
1-0: Ball
2-0: SINGLE (Groundball, 56D, EV 106.9 MPH)
Batting: RHB Yamil Benitez 0-0: Ball
1-0: SINGLE (Groundball, 4D, EV 98.8 MPH)
Randall Simon to second
Pitching: RHP Greg Gohr
Batting: RHB Aaron Boone 0-0: Foul Ball, location: 2F
0-1: Called Strike
0-2: Fly out, F8 (Flyball, 8LXD, EV 78.8 MPH)
Runner from 2nd tags up, SAFE at 3rd, no throw by CF
Batting: LHB Darren Bragg 0-0: Ball
1-0: Ball
2-0: Foul Ball, location: 2F
2-1: Ball
3-1: Base on Balls
Yamil Benitez to second
Batting: RHB Kevin L Brown 0-0: Called Strike
0-1: Ball
1-1: Swinging Strike
1-2: Ball
2-2: Strikes out swinging
Top of the 8th over - 0 runs, 2 hits, 0 errors, 3 left on base; Asheville 3 - Columbus 0
BOTTOM OF THE 8TH
Columbus Clippers batting - Pitching for Asheville Moonshiners : RHP Salomon Torres
Now at 1B: Daisuke Yamashita
Batting: LHB Alex Hernandez 0-0: Called Strike
0-1: Ball
1-1: Ball
2-1: SINGLE (Flyball, 9S, EV 85.6 MPH)
Batting: RHB Kevin Orie 0-0: Called Strike
0-1: Swinging Strike
0-2: Hit by Pitch
Alex Hernandez to second
Batting: LHB Kenjiro Nomura 0-0: Ball
1-0: Swinging Strike
1-1: Fielders Choice at 2nd, 6-4 (Groundball, 6M, EV 85.6 MPH)
Alex Hernandez to third
Batting: RHB Raul Chavez 0-0: Grounds into double play, 6-4-3 (Groundball, 6, EV 85.6 MPH)
Bottom of the 8th over - 0 runs, 1 hit, 0 errors, 1 left on base; Asheville 3 - Columbus 0
TOP OF THE 9TH
Asheville Moonshiners batting - Pitching for Columbus Clippers : RHP Greg Gohr
Batting: RHB Rikkert Faneyte 0-0: Foul Ball, location: 2F
0-1: Called Strike
0-2: Ball
1-2: SINGLE (Groundball, 4, EV 88.8 MPH) (infield hit)
Pitching: RHP Marc Wilkins
Batting: RHB Deivi Cruz 0-0: Bunt - Flyout to 13 - DP at third! 1-3
Batting: RHB Jermaine Allensworth 0-0: Ball
1-0: Foul Ball, location: 2F
1-1: Swinging Strike
1-2: Hit by Pitch
Pinch Runner at 1st Chris Stynes:
Batting: SHB Wilton Guerrero 0-0: Ball
1-0: Ball
2-0: Ball
3-0: Called Strike
3-1: Foul Ball, location: 2F
3-2: SINGLE (Groundball, 4MD, EV 97.5 MPH)
Chris Stynes to second
Chris Stynes to third
Batting: RHB Daisuke Yamashita 0-0: Ball
1-0: Called Strike
1-1: Foul Ball, location: 2F
1-2: Strikes out looking
Top of the 9th over - 0 runs, 2 hits, 0 errors, 2 left on base; Asheville 3 - Columbus 0
BOTTOM OF THE 9TH
Columbus Clippers batting - Pitching for Asheville Moonshiners : RHP Salomon Torres
Pitching: RHP Mike Draper
Now in RF: Billy McMillon
Batting: LHB Ed Giovanola 0-0: Foul Ball, location: 2F
0-1: SINGLE (Line Drive, 8LS, EV 92.5 MPH)
Batting: RHB Carlos Garcia 0-0: Ball
1-0: Fly out, F4 (Popup, 34, EV 77.5 MPH)
Batting: RHB Bubba Trammell 0-0: Called Strike
0-1: SINGLE (Groundball, 56D, EV 96.9 MPH)
Ed Giovanola to second
Batting: RHB Derrek Lee 0-0: Fly out, F8 (Line Drive, 8RM, EV 108.8 MPH)
Batting: RHB Wendell Magee 0-0: DOUBLE (Line Drive, 78M, EV 109.4 MPH)
Ed Giovanola scores
Bubba Trammell to third
Batting: LHB Alex Hernandez 0-0: Ground out U3 (Groundball, 34S, EV 65.0 MPH)
Bottom of the 9th over - 1 run, 3 hits, 0 errors, 2 left on base; Asheville 3 - Columbus 1
Thursday, January 22nd, 2026 - OOTP Baseball 20.8 Build 74